 Dungeon Crawl Stone Soup version 0.30-a0-737-gf23d94013f (webtiles) character file.

Game seed: 4994261594787873132

12613 IdlyInterested the Slicer (level 11, 0/95 HPs)
             Began as a Demonspawn Fighter on Feb 2, 2023.
             Slain by a white ugly thing (35 damage)
             ... on level 11 of the Dungeon.
             The game lasted 00:41:39 (12557 turns).

IdlyInterested the Slicer (Demonspawn Fighter)     Turns: 12557, Time: 00:41:40

Health: 0/95       AC: 11    Str: 17    XL:     11   Next: 64%
Magic:  17/17      EV: 18    Int: 10    God:
Gold:   255        SH:  5    Dex: 16    Spells: 18/18 levels left

rFire   x . .      SeeInvis .    a - +5 rapier
rCold   . . .      Faith    .    (no shield)
rNeg    . . .      Spirit   .    k - +5 scale mail of Watchfulness {+Blink rPois rF- rCorr}
rPois   +          Reflect  +    (no helmet)
rElec   .          Harm     .    (no cloak)
rCorr   +          Rampage  .    (no gloves)
Will    ++...      Clarity  +    (no boots)
Stlth   ++                       h - amulet of reflection
HPRegen 0.35/turn                i - +5 ring of evasion
MPRegen 0.15/turn                H - ring of willpower

@: studying Fighting
A: rugged brown scales 2, powered by death 2, demonic magic 1, demonic touch 2,
clarity, deformed body, strong-willed 1, sturdy frame 1
a: Evoke Blink


You were on level 11 of the Dungeon.
You visited 2 branches of the dungeon, and saw 12 of its levels.
You also visited: Sewer.

You collected 718 gold pieces.
You spent 463 gold pieces at shops.

Inventory:

Hand Weapons
 a - a +5 rapier (weapon)
 n - a +1 short sword of venom
 x - a +1 short sword of draining
Missiles
 c - 2 boomerangs
 d - 8 curare-tipped darts
 g - 79 stones (quivered)
 r - 7 throwing nets
 y - 55 poisoned darts
Armour
 k - the +5 scale mail of Watchfulness (worn) {+Blink rPois rF- rCorr}
   (You bought it in a shop on level 6 of the Dungeon)

   rF:        It makes you vulnerable to fire.
   rPois:     It protects you from poison.
   +Blink:    It lets you blink.
   rCorr:     It protects you from acid and corrosion.
 w - a +3 leather armour of cold resistance
Jewellery
 e - a ring of fire
 h - an amulet of reflection (around neck)
 i - a +5 ring of evasion (left hand)
 t - a ring of positive energy
 H - a ring of willpower (right hand)
Wands
 b - a wand of digging (6)
 m - a wand of charming (14)
 J - a wand of acid (12)
 L - a wand of flame (14)
 M - a wand of polymorph (2)
Scrolls
 f - 6 scrolls of teleportation
 p - 3 scrolls of blinking
 q - 3 scrolls of enchant armour
 s - a scroll of poison
 A - 2 scrolls of immolation
 C - a scroll of amnesia
 D - 3 scrolls of identify
 F - 2 scrolls of fog
 I - a scroll of magic mapping
Potions
 j - 4 potions of curing
 l - a potion of lignification
 o - 3 potions of flight
 u - a potion of mutation
 v - a potion of attraction
 z - a potion of resistance
 B - 2 potions of ambrosia
 E - a potion of invisibility
 G - a potion of brilliance


   Skills:
 * Level 10.2 Fighting
 + Level 11.3 Short Blades
 - Level 2.0 Throwing
 - Level 6.0 Armour
 - Level 6.0 Dodging
 - Level 4.0 Stealth
 - Level 2.6 Shields
 - Level 4.0 Unarmed Combat
 - Level 4.0 Spellcasting
 - Level 4.0 Evocations


You had 18 spell levels left.
You didn't know any spells.
Your spell library contained the following spells:

 Spells                   Type           Power      Damage    Failure   Level
 Shock                    Conj/Air       8%         1d3       45%         1
 Cigotuvi's Dreadful Rot  Necr/Pois/Air  4%         N/A       58%         2
 Poisonous Vapours        Pois/Air       4%         N/A       58%         2
 Dazzling Flash           Conj/Hex       4%         N/A       83%         3
 Inner Flame              Hex/Fire       2%         N/A       83%         3
 Mephitic Cloud           Conj/Pois/Air  2%         N/A       83%         3
 Stone Arrow              Conj/Erth      4%         3d7       83%         3
 Swiftness                Air            2%         N/A       83%         3
 Airstrike                Air            1%         2d(1-17)  99%         4
 Animate Armour           Summ/Erth      4%         N/A       99%         4
 Flame Wave               Conj/Fire      2%         2d4       99%         4
 Sticky Flame             Conj/Fire      2%         2d3       99%         4
 Agony                    Necr           2%         N/A       100%        5
 Silence                  Hex/Air        1%         N/A       100%        5
 Lehudib's Crystal Spear  Conj/Erth      1%         10d2      100%        8


Dungeon Overview and Level Annotations

Branches:
Dungeon (11/15)            Temple (1/1) D:4            Lair (0/5) D:11
    Orc (0/2) D:9           Sewer (visited)

Altars:
Ashenzari
Cheibriados
Dithmenos
Fedhas
Gozag
Hepliaklqana
Kikubaaqudgha
Makhleb
Nemelex Xobeh
Okawaru
Qazlal
Ru
Sif Muna
Trog
Uskayaw
Vehumet
Wu Jian
Xom
Yredelemnul

Shops:
D:6 [   D:9 *

Annotations:
D:9 1 runed translucent door


Innate Abilities, Weirdness & Mutations

You are mostly covered in rugged brown scales. (AC +2, +5% HP)
You regenerate health from kills.
Spells you cast may paralyse adjacent enemies.
Your touch may inflict irresistible damage on your foes.
You possess an exceptional clarity of mind.
Armour fits poorly on your strangely shaped body.
You are strong-willed. (Will+)
Your movements are slightly less encumbered by armour. (ER -2)


Message History

You hit the boulder beetle but do no damage.
The boulder beetle is almost dead.
The boulder beetle bites you!
You puncture the boulder beetle!
You kill the boulder beetle!
Your Fighting skill increases to level 10!
You start resting.
HP restored.
You see here a boulder beetle corpse.
You now have 255 gold pieces (gained 12).
There is a stone staircase leading up here.
A white ugly thing comes into view.
The white ugly thing gurgles horribly!
The white ugly thing misses you.
You hit the white ugly thing.
You touch the white ugly thing!
The white ugly thing is lightly wounded.
You hit the white ugly thing.
The white ugly thing is moderately wounded.
The white ugly thing completely misses you.
You puncture the white ugly thing! Your touch misses the white ugly thing.
The white ugly thing is moderately wounded.
The white ugly thing tentacle-slaps you.
The white ugly thing freezes you!
You closely miss the white ugly thing.
You touch the white ugly thing!
You punch the white ugly thing, but do no damage.
The white ugly thing is heavily wounded.
You hit the white ugly thing but do no damage.
The white ugly thing is heavily wounded.
The white ugly thing tentacle-slaps you.
The white ugly thing freezes you!!
You closely miss the white ugly thing.
The white ugly thing is heavily wounded.
You block the white ugly thing's attack.
You closely miss the white ugly thing.
You touch the white ugly thing.
The white ugly thing is severely wounded.
You barely miss the white ugly thing.
The white ugly thing is severely wounded.
The white ugly thing tentacle-slaps you!
The white ugly thing freezes you!!
You die...

######## ##############
.......# #.............
.......####.............
#...............@u......
#....###...###........##
#######.....####+####.+
#..P.P..#.. .#.PP..P.#..
............
...........#######.
......>............
..........††.......


You could see a white ugly thing.

Vanquished Creatures
  A boulder beetle (D:11)
  The ghost of IdlyInterested the Slicer, a novice DsGl of Dithmenos (D:8)
  An elephant (D:11)
  A kobold demonologist (D:9)
  3 trolls
  2 hornets
  A vampire (D:11)
  3 wyverns
  A shadow (D:9)
  21 yaks
  A basilisk (D:11)
  2 steam dragons
  2 water moccasins
  6 orc warriors
  A sky beast (D:4)
  2 black bears
  6 ogres
  A centaur (D:10)
  14 kobold brigands
  3 bullfrogs
  11 scorpions
  2 necrophages
  4 gnoll sergeants
  3 wights (D:8)
  7 killer bees
  A howler monkey (D:6)
  3 orc priests
  4 hounds
  3 jellies
  2 gnoll boudas
  6 iguanas
  6 orc wizards
  A hell rat (Sewer)
  29 gnolls
  4 river rats (Sewer)
  8 adders
  4 shadow imps
  2 white imps
  A worm (D:2)
  7 dart slugs
  25 orcs
  3 bats (D:1)
  7 endoplasms
  11 giant cockroaches
  25 goblins
  26 hobgoblins
  4 jackals (D:2)
  20 kobolds
  5 quokkas
  2 ball pythons
  5 frilled lizards
  5 rats
  3 butterflies (D:9)
322 creatures vanquished.

Vanquished Creatures (collateral kills)
  2 gnoll sergeants (D:9)
  A jelly (D:6)
  2 gnolls (D:9)
  5 orcs (D:6)
10 creatures vanquished.

Vanquished Creatures (others)
  5 dream sheep (D:4)
  A yak (D:9)
  A kobold brigand (D:8)
  A gnoll sergeant (D:9)
8 creatures vanquished.

Grand Total: 340 creatures vanquished

Notes
Turn   | Place    | Note
-------+----------+-------------------------------------------
     0 | D:1      | IdlyInterested the Demonspawn Fighter began the quest for
                  | the Orb.
     0 | D:1      | Reached XP level 1. HP: 18/18 MP: 1/1
    77 | D:1      | Reached skill level 2 in Short Blades
    77 | D:1      | Reached skill level 1 in Dodging
   189 | D:1      | Gained mutation: You regenerate a little health from kills.
                  | [demonic ancestry]
   189 | D:1      | Reached XP level 2. HP: 24/24 MP: 2/2
   225 | D:1      | Reached skill level 1 in Stealth
   532 | D:2      | Found a hide-covered altar of Uskayaw.
   539 | D:2      | Gained mutation: Your touch may inflict minor irresistible
                  | damage on your foes. [demonic ancestry]
   539 | D:2      | Reached XP level 3. HP: 25/29 MP: 3/3
   685 | D:2      | Reached skill level 1 in Throwing
   750 | D:2      | Reached skill level 1 in Unarmed Combat
   992 | D:2      | Reached skill level 1 in Evocations
   992 | D:2      | Reached XP level 4. HP: 35/35 MP: 4/4
  1740 | D:3      | Found a shadowy altar of Dithmenos.
  1847 | D:3      | Reached skill level 3 in Short Blades
  1853 | D:3      | Gained mutation: You are partially covered in rugged brown
                  | scales. (AC +1, +3% HP) [demonic ancestry]
  1853 | D:3      | Reached XP level 5. HP: 28/42 MP: 5/5
  1952 | D:3      | Identified a scroll of acquirement
  1952 | D:3      | Acquired a manual of Fighting
  2094 | D:3      | Found a faded altar of an unknown god.
  2094 | D:3      | Noticed a shining eye
  2102 | D:3      | Noticed a floating eye
  2105 | D:3      | Noticed a floating eye
  2105 | D:3      | Noticed a floating eye
  2310 | D:4      | Noticed a sky beast
  2331 | D:4      | Killed a sky beast
  2332 | D:4      | Reached skill level 4 in Short Blades
  2332 | D:4      | Gained mutation: You are mostly covered in rugged brown
                  | scales. (AC +2, +5% HP) [demonic ancestry]
  2332 | D:4      | Reached XP level 6. HP: 49/49 MP: 6/6
  2704 | D:4      | Noticed a dream sheep
  2704 | D:4      | Noticed a dream sheep
  2704 | D:4      | Noticed a dream sheep
  2704 | D:4      | Noticed a dream sheep
  2704 | D:4      | Noticed a dream sheep
  2704 | D:4      | Found a shimmering altar of Xom.
  2707 | D:4      | Killed a dream sheep
  2708 | D:4      | Killed a dream sheep
  2709 | D:4      | Killed a dream sheep
  2709 | D:4      | Killed a dream sheep
  2709 | D:4      | Killed a dream sheep
  2743 | D:4      | Found a staircase to the Ecumenical Temple.
  2774 | Temple   | Entered the Ecumenical Temple
  2868 | D:4      | Identified the +1 whip "Raotubeu" {vamp, rPois rN+ Str-5
                  | Dex+3}
  2876 | D:4      | Found an ornate altar of the Wu Jian Council.
  3085 | D:5      | Entered Level 5 of the Dungeon
  3317 | D:5      | Found a hazy altar of Hepliaklqana.
  3331 | D:5      | Reached XP level 7. HP: 54/54 MP: 7/7
  3395 | D:5      | Reached skill level 5 in Short Blades
  3620 | D:5      | Gained mutation: You are strong-willed. (Will+) [potion of
                  | mutation]
  3620 | D:5      | Gained mutation: Your movements are slightly less
                  | encumbered by armour. (ER -2) [potion of mutation]
  3620 | D:5      | Gained mutation: Armour fits poorly on your strangely
                  | shaped body. [potion of mutation]
  3620 | D:5      | Gained mutation: You possess an exceptional clarity of
                  | mind. [potion of mutation]
  3699 | D:5      | Reached skill level 5 in Fighting
  4875 | D:6      | Reached skill level 6 in Short Blades
  4875 | D:6      | Reached XP level 8. HP: 68/68 MP: 8/8
  4929 | D:6      | Found Vumysed's Antique Armour Boutique.
  4988 | D:6      | Found a glowing drain.
  5021 | Sewer    | Entered a sewer
  6037 | D:6      | Bought a distressingly furry scale mail for 261 gold pieces
  6037 | D:6      | Identified the +5 scale mail of Watchfulness {+Blink rPois
                  | rF- rCorr} (You bought it in a shop on level 6 of the
                  | Dungeon)
  6104 | D:7      | Reached skill level 7 in Short Blades
  6356 | D:7      | Gained mutation: Spells you cast may paralyse adjacent
                  | enemies. [demonic ancestry]
  6356 | D:7      | Reached XP level 9. HP: 51/77 MP: 9/9
  6456 | D:7      | Found a basalt altar of Yredelemnul.
  6525 | D:7      | Reached skill level 5 in Armour
  6628 | D:7      | Noticed a troll
  6642 | D:7      | Killed a troll
  6765 | D:7      | Found a burning altar of Makhleb.
  6793 | D:7      | Found an opulent altar of Gozag.
  6917 | D:7      | Found a bloodstained altar of Trog.
  7032 | D:7      | Found a shimmering blue altar of Sif Muna.
  7647 | D:8      | Reached skill level 8 in Short Blades
  8027 | D:8      | Noticed IdlyInterested's ghost (novice DsGl)
  8028 | D:8      | Found a runed translucent gate.
  8028 | D:8      | Found a runed translucent gate.
  8028 | D:8      | Found a runed translucent gate.
  8623 | D:8      | Found a sparkling altar of Nemelex Xobeh.
  8797 | D:8      | Reached skill level 5 in Dodging
  8845 | D:8      | Killed IdlyInterested's ghost
  8846 | D:8      | Reached skill level 9 in Short Blades
  8846 | D:8      | Gained mutation: You regenerate health from kills. [demonic
                  | ancestry]
  8846 | D:8      | Reached XP level 10. HP: 53/84 MP: 10/10
  9123 | D:9      | Reached skill level 1 in Spellcasting
  9439 | D:9      | Found Gawim's CLEARANCE SALE!.
  9446 | D:9      | Bought a scroll of blinking for 37 gold pieces
  9446 | D:9      | Bought a scroll of fog for 20 gold pieces
  9625 | D:9      | Reached skill level 10 in Short Blades
  9638 | D:9      | Noticed an orange demon
  9811 | D:6      | Bought a dyed leather armour for 145 gold pieces
  9922 | D:9      | Found a staircase to the Orcish Mines.
  9967 | D:9      | Gained mutation: Your touch may inflict irresistible damage
                  | on your foes. [demonic ancestry]
  9967 | D:9      | Reached XP level 11. HP: 47/90 MP: 17/17
 10265 | D:9      | Found a runed translucent door.
 10267 | D:9      | Found a runed translucent door.
 10827 | D:10     | Entered Level 10 of the Dungeon
 10954 | D:10     | Found a radiant altar of Vehumet.
 11239 | D:10     | Reached skill level 11 in Short Blades
 11600 | D:10     | Found a hide-covered altar of Uskayaw.
 11781 | D:10     | Found a stormy altar of Qazlal.
 12274 | D:11     | Found a staircase to the Lair.
 12444 | D:11     | Noticed a boulder beetle
 12460 | D:11     | Killed a boulder beetle
 12461 | D:11     | Reached skill level 10 in Fighting
 12543 | D:11     | Noticed a white ugly thing
 12557 | D:11     | Slain by a white ugly thing

Illustrated notes

Levels and vault maps discovered:
D:1:      dpeg_arrival_chambers_temple_mockup, layout_rooms, st_stairs_3
D:2:      layout_basic, basic_altar
D:3:      layout_loops_cross, grunt_dithmenos_smoke_and_mirrors,
          hellmonk_ecumenical_altar_watching_god, serial_bayou_pond_a,
          cheibrodos_gnoll_hut
D:4:      layout_basic, nicolae_wu_jian_immortal_techniques,
          kb_xom_exploding_sheep, minmay_temple_entry_antechambers
D:5:      minmay_goblin_kobold_castle, layout_gridville,
          nzn_hepliaklqana_mist_gate, nicolae_nh_ransacked_shop
D:6:      layout_cave_pools, lemuel_coloured_pillars_altar,
          mainiacjoe_overflow_six_doors_small, serial_shops,
          nicolae_square_shop, portal_sewer_entry_f, hangedman_decor_points,
          hangedman_decor_lopped
D:7:      layout_loops_corners, nicolae_overflow_crystal_walls,
          mainiacjoe_overflow_big_doors, trog_book, lemuel_tele_altar
D:8:      layout_gridville, nicolae_overflow_hidden_temple,
          gammafunk_ghost_nasty_kobolds, nicolae_zen_rock_garden,
          item_on_display_b
D:9:      lemuel_insect_pit, layout_basic,
          kennysheep_orc_monster_closet_entryway, eino_tiny_chamber,
          nicolae_shop_clearance
D:10:     layout_basic, fiery_altar_vehumet, nicolae_qazlal_eye_of_the_storm,
          marbit_many_paths
D:11:     layout_irregular_city, david_lair_generic, zin_statuary
Temple:   hellmonk_temple_of_storms

Skill      XL: |  1  2  3  4  5  6  7  8  9 10 11 |
---------------+----------------------------------+-----
Short Blades   | 2 3 4 6 7 9 10 11 | 11.3
Dodging        | 1 3 6 |  6.0
Stealth        | 1 2 4 |  4.0
Throwing       | 1 2 |  2.0
Unarmed Combat | 1 2 4 |  4.0
Evocations     | 1 3 4 |  4.0
Armour         | 3 4 6 |  6.0
Fighting       | 6 8 10 | 10.2
Spellcasting   | 4 |  4.0
Shields        | |  2.6

Action                     |  1- 3 |  4- 6 |  7- 9 | 10-12 || total
---------------------------+-------+-------+-------+-------++-------
  Melee: Rapier            |   120 |   129 |   507 |   424 ||  1180
         Touch             |     5 |    24 |    95 |   111 ||   235
         Punch             |       |     1 |    10 |    15 ||    26
  Throw: Stone             |       |       |     8 |    12 ||    20
         Dart              |       |       |       |     1 ||     1
  Evoke: Wand              |       |       |     1 |     6 ||     7
    Use: Scroll            |     7 |     9 |     7 |     4 ||    27
         Potion            |     1 |     1 |     6 |     5 ||    13
   Stab: Sleeping          |       |       |     2 |     2 ||     4
 Armour: Scale mail        |    47 |     2 |    47 |    69 ||   165
         Ring mail         |       |    29 |    69 |       ||    98
  Dodge: Dodged            |    96 |   105 |   394 |   320 ||   915
  Block: Buckler           |    12 |       |       |       ||    12
         Other             |       |    36 |   119 |    96 ||   251
         Reflection        |       |     1 |     8 |       ||     9

Table legend: (Time is in decaauts)
 A = Elapsed time spent in this place.
 B = Non-inter-level travel time spent in this place.
 C = Inter-level travel time spent in this place.
 D = Time resting spent in this place.
 E = Time spent auto-exploring this place.
 F = Levels seen in this place.
 G = Mean time per level.
                   A        B        C        D        E       F      G
               +--------+--------+--------+--------+--------+-----+--------+
         Total |  12391 |  10155 |   2236 |   1529 |   5551 |  13 |  953.2 |
       Dungeon |  12208 |   9974 |   2234 |   1529 |   5523 |  11 | 1109.8 |
        Temple |     52 |     51 |      1 |      0 |     28 |   1 |   52.0 |
         Sewer |    129 |    129 |      0 |      0 |      0 |   1 |  129.0 |
               +--------+--------+--------+--------+--------+-----+--------+

Top non-repeatable levels by time:
     D:5: 1762 daAuts
     D:7: 1630 daAuts
     D:9: 1547 daAuts
     D:8: 1444 daAuts
    D:10: 1171 daAuts
     D:6: 1116 daAuts
     D:4: 886 daAuts
     D:2: 884 daAuts
     D:3: 822 daAuts
     D:1: 649 daAuts
    D:11: 295 daAuts
   Sewer: 129 daAuts
  Temple: 52 daAuts
